 Dungeon Crawl Stone Soup version 0.20-a0-1061-gbbf974c (webtiles) character file.

916312 M4edhros the Peltast (level 27, -6/274 HPs)
             Began as a Gnoll Fighter on Apr 27, 2017.
             Was the Champion of Cheibriados.
             Mangled by a greater mummy (17 damage)
             ... on level 2 of the Tomb of the Ancients.
             The game lasted 04:32:31 (46587 turns).

M4edhros the Peltast (Gnoll Fighter)               Turns: 46587, Time: 04:32:31

Health: -6/274     AC: 33    Str: 37      XL:     27
Magic:  0/14       EV: 34    Int: 24      God:    Cheibriados [******]
Gold:   2857       SH: 24    Dex: 35 (39) Spells: 3/49 levels left

rFire    . . .     SeeInvis +   h - +5 demon whip "Spellbinder" {antimagic, MR+}
rCold    + + .     Gourm    .   k - +5 shield {AC+3}
rNeg     + + .     Faith    .   (armour currently unavailable)
rPois    ∞         Spirit   .   (helmet restricted)
rElec    +         Reflect  .   K - +2 cloak of Precision Catastrophes {*Drain Str+6 Slay+5}
rCorr    .         Harm     .   (gloves currently unavailable)
MR       ++++.     Rnd*Rage +   (boots currently unavailable)
Stlth    +++++.....             L - necklace of Bloodlust {*Rage +Rage MR++ Int-3 Slay+6 *Curse}
Regen    0.6/turn               b - ring of Democracy {rC+ Slay+5 Stlth-}
MPRegen  0.2/turn               m - ring of Liberty {*Corrode +Fly rN+ Slay+5 SInv}

@: statue-form, slowed, studying Unarmed Combat, very slow
A: short attention span, antennae 1, fangs 1, thin skeletal structure 1,
camouflage 1, agile 1, blink, cold resistance 1, high mp 1, poison resistance,
weak 1, strong nose
}: 8/15 runes: decaying, slimy, silver, iron, icy, bone, abyssal, gossamer
a: End Transformation, Blink, Bend Time, Temporal Distortion, Slouch, Step From
Time, Renounce Religion, Evoke Berserk Rage, Evoke Flight


You were on level 2 of the Tomb of the Ancients.
You worshipped Cheibriados.
Cheibriados was exalted by your worship.
You were near starving.
You were a stone statue.
You visited 17 branches of the dungeon, and saw 82 of its levels.
You visited the Abyss 1 time.
You visited 1 bazaar.
You also visited: Ice Cave and Wizlab.

You collected 17696 gold pieces.
You spent 9847 gold pieces at shops.
You paid 4992 gold pieces to Gozag.

Inventory:

Hand Weapons
 h - the +5 demon whip "Spellbinder" (weapon) {antimagic, MR+}
   (You bought it in a shop on level 2 of the Orcish Mines)

   It reduces the magical energy of the wielder, and disrupts the spells and
   magical abilities of those hit.
   Natural abilities and divine invocations are not affected.
   It affects your resistance to hostile enchantments.
 y - the +8 lance "Wyrmbane" {slay drac, rPois rF+ rC+ AC+3}
   (You found it on level 7 of Tartarus)

   It affects your AC (+3).
   It protects you from fire.
   It protects you from cold.
   It protects you from poison.
 M - a +6 demon trident of electrocution
Missiles
 g - 8 steel javelins (quivered)
Armour
 j - a +2 pair of gloves of strength (melded)
 k - a +5 shield of protection (worn)
 p - the +0 pair of boots of the Untouchables {rN+ Dex+3}
   (You acquired it on level 2 of the Orcish Mines)

   It affects your dexterity (+3).
   It protects you from negative energy.
 r - the +0 Maxwell's etheric cage {RegenMP+ *Contam rElec MP+4}
   (You acquired it on level 4 of the Lair of Beasts)

   It insulates you from electricity.
   It affects your magic capacity (+4).
   It causes magical contamination when unequipped.
 t - the +1 pair of boots "Bontu" (melded) {rF+ Int+3 Dex+3}
   (You found it on level 5 of the Pits of Slime)

   It affects your intelligence (+3).
   It affects your dexterity (+3).
   It protects you from fire.
 B - the +1 robe of Cloud Cover {MR+ Str+6 Int+4}
   (You found it on level 2 of the Swamp)

   It affects your strength (+6).
   It affects your intelligence (+4).
   It affects your resistance to hostile enchantments.
 K - the +2 cloak of Precision Catastrophes (worn) {*Drain Str+6 Slay+5}
   (You found it on level 5 of the Pits of Slime)

   It affects your strength (+6).
   It affects your accuracy and damage with ranged weapons and melee attacks
   (+5).
   It causes draining when unequipped.
 Z - the +13 chain mail of the Swamp (melded) {rCorr Str+5 Stlth+}
   (You found it on level 5 of the Pits of Slime)

   It affects your strength (+5).
   It protects you from acid and corrosion.
   It makes you more stealthy.
Jewellery
 b - the ring of Democracy (left hand) {rC+ Slay+5 Stlth-}
   (You found it on level 1 of the Swamp)

   [ring of protection from cold]

   It affects your accuracy and damage with ranged weapons and melee attacks
   (+5).
   It protects you from cold.
   It makes you less stealthy.
 c - an uncursed ring of wizardry
 m - the ring of Liberty (right hand) {*Corrode +Fly rN+ Slay+5 SInv}
   (You bought it in a shop on level 10 of the Dungeon)

   [ring of see invisible]

   It affects your accuracy and damage with ranged weapons and melee attacks
   (+5).
   It protects you from negative energy.
   It lets you see invisible.
   It lets you fly.
   It may corrode you when you take damage.
 C - the ring "Xiuffex" {*Drain rC+ EV+3 Dex+4}
   (You took it off a deep elf archer on level 5 of the Vaults)

   [ring of evasion]

   It affects your evasion (+3).
   It affects your dexterity (+4).
   It protects you from cold.
   It causes draining when unequipped.
 L - the necklace of Bloodlust (around neck) {*Rage +Rage MR++ Int-3 Slay+6 *Curse}
   (You found it on level 7 of the Dungeon)

   [amulet of rage]

   It affects your intelligence (-3).
   It affects your accuracy and damage with ranged weapons and melee attacks
   (+6).
   It affects your resistance to hostile enchantments.
   It lets you go berserk.
   It may make you go berserk in combat.
   It curses itself when equipped.
 X - an uncursed ring of protection from fire
Wands
 a - a wand of scattershot (5/9)
 u - a wand of clouds (8/9)
 w - a wand of digging (0/24)
Scrolls
 i - 4 scrolls of silence
 l - 5 scrolls of identify
 n - 14 scrolls of fear
 x - 4 scrolls of immolation
 z - a scroll of recharging
 D - 8 scrolls of teleportation
 N - 2 scrolls of magic mapping
 Q - a scroll of blinking
 U - 2 scrolls of summoning
 W - 7 scrolls of fog
Potions
 d - a potion of might
 e - 2 potions of flight
 q - 3 potions of invisibility
 s - 3 potions of brilliance
 v - 7 potions of agility
 F - 5 potions of magic
 G - 5 potions of mutation
 O - 2 potions of resistance
 S - a potion of cancellation
 V - 16 potions of curing
Books
 I - a manual of Unarmed Combat
Miscellaneous
 o - 2 sacks of spiders
 A - a lamp of fire
 E - 2 boxes of beasts
 P - 4 phantom mirrors
 R - a phial of floods
Comestibles
 f - 10 bread rations
 H - 12 royal jellies
 J - 8 meat rations
 T - 38 fruits


   Skills:
 + Level 16.2 Fighting
   Level 5.1 Long Blades
 * Level 10.7 Maces & Flails
 + Level 14.6 Polearms
   Level 8.0(9.2) Slings
 * Level 9.2(9.7) Throwing
 - Level 9.4 Armour
 + Level 17.7 Dodging
 - Level 6.8 Stealth
 - Level 19.0 Shields
 - Level 11.1 Unarmed Combat
 + Level 11.6 Spellcasting
 - Level 7.0 Conjurations
 - Level 8.3 Charms
 - Level 9.6 Summonings
 - Level 9.7 Necromancy
 - Level 6.6 Translocations
 - Level 11.0 Transmutations
 - Level 8.8 Air Magic
 - Level 11.0 Earth Magic
 - Level 7.6 Poison Magic
 - Level 10.3 Invocations
 - Level 9.0 Evocations


You had 3 spell levels left.
You knew the following spells:

 Your Spells              Type           Power        Failure   Level  Hunger
a - Mephitic Cloud        Conj/Pois/Air  ######..     1%          3    None
b - Blink                 Tloc           N/A          1%          2    None
c - Leda's Liquefaction   Hex/Erth       #####.....   4%          4    None
d - Apportation           Tloc           #####.       1%          1    None
e - Summon Butterflies    Summ           ######..     1%          1    None
f - Statue Form           Tmut/Erth      ######...    8%          6    #####..
g - Regeneration          Chrm/Necr      ######....   1%          3    None
h - Control Undead        Necr           ######....   1%          4    None
i - Aura of Abjuration    Summ           ######....   2%          5    ###....
j - Summon Lightning Spi  Summ/Air       ######..     1%          4    None
k - Deflect Missiles      Chrm/Air       ######....   19%         6    #####..
l - Song of Slaying       Chrm           ######..     1%          2    None
m - Summon Forest         Summ/Tloc      ######....   4%          5    ###....


Dungeon Overview and Level Annotations

Branches:
Dungeon (15/15)            Temple (1/1) D:7            Lair (6/6) D:11
  Swamp (4/4) Lair:2       Spider (4/4) Lair:2        Slime (5/5) Lair:6
    Orc (2/2) D:10            Elf (3/3) Orc:2        Vaults (5/5) D:14
  Crypt (3/3) Vaults:2       Tomb (2/3) Crypt:3      Depths (5/5) D:15
   Hell (1/1)                 Dis (7/7) Hell            Coc (7/7) Hell
    Tar (7/7) Hell            Zot (5/5) Depths:5
    Geh: Hell:1

Altars:
Ashenzari
Cheibriados
Dithmenos
Elyvilon
Fedhas
Gozag
Hepliaklqana
Kikubaaqudgha
Makhleb
Nemelex Xobeh
Okawaru
Ru
Uskayaw
Vehumet
Wu Jian
Zin
The Shining One
Beogh
Jiyva

Shops:
D:7 ?   D:10 }=   Orc:2 ??}(!   Elf:3 *   Lair:2 ([   Lair:3 [   Lair:5 =
Vaults:2 *%*   Vaults:5 :

Portals:
Hell: Depths:1 Depths:3 Depths:4 Depths:5
Abyss: Depths:4
Pandemonium: Depths:1 Depths:3
Ziggurat: Depths:4
Trove: D:14 (give brooch of Shielding)

Annotations:
Lair:3 exclusion: ice statue
Dis:7 AAAAA's ghost, legendary BaFi
Coc:7 Antaeus
Zot:1 exclusion: orb of fire
Zot:3 exclusion: 2 oklob plants


Innate Abilities, Weirdness & Mutations

You have a short attention span.
You have very sharp teeth.
Your uncanny sense of smell can sniff out nearby items.
You have a pair of small antennae on your head.
((You are partially covered in slimy green scales. (AC +2)))
You have a somewhat thin skeletal structure. (Dex +2, Stealth)
Your skin changes colour to match your surroundings (Stealth+).
You are agile. (Dex +2)
You can translocate small distances at will.
Your flesh is cold resistant. (rC+)
You have an increased reservoir of magic. (+10% MP)
Your system is resistant to poisons. (rPois)
((You are covered in fur. (AC +1)))
You are weak. (Str -2)


Message History

* * * LOW HITPOINT WARNING * * *
The greater mummy completely misses you.
You block the emperor scorpion's attack.
The emperor scorpion barely misses you. x2
A mummy comes into view.
Unknown command.
Okay, then.
Okay, then.
You thrash the greater mummy!!
The greater mummy's magic leaks into the air.
There is a strange surge of energy around the greater mummy.
You bite the greater mummy!!!
The greater mummy is almost destroyed.
Your skin stops crawling.
You block the death scarab's attack. The death scarab completely misses you.
The emperor scorpion stings you but does no damage.
You block the emperor scorpion's attack.
The emperor scorpion claws you but does no damage.
The greater mummy hits you!
You die...

∆ ....... ∆#......##
#..........##
{#......... .. ##
######{s....... .##.
#..s8#{WM......M##...
#.^sM#{.Z......#.M...
#..?sM{MVVM...#.....z
#....#Mz.M..?#...§§.W
#....#Ms.....#..M..8§
#....#.......#...M.§.
######........#.....§
∆#.........#....M
#..........##...


You could see a greater mummy, an emperor scorpion, 2 mummy priests, 3 death
scarabs and a mummy.

Vanquished Creatures
  the Royal Jelly (Slime:5)
  Ereshkigal (Tar:7)
  Dispater (Dis:7)
  3 orbs of fire (Zot:5)
  9 ancient liches
  4 greater mummies
  Boris (twice) (Depths:3 Tomb:2)
  9 shard shrikes
  Bai Suzhen (Crypt:3)
  4 Killer Klowns
  Saint Roka (Depths:3)
  Geryon (Hell)
  6 curse toes
  Jory (Crypt:3)
  A caustic shrike (Depths:1)
  3 golden dragons
  11 bone dragons
  22 Tzitzimimeh
  2 iron giants
  9 liches
  An iron giant (shapeshifter) (Vaults:4)
  6 Brimstone Fiends
  Jorgrun (Depths:3)
  3 electric golems (Zot:5)
  16 Ice Fiends
  5 Hell Sentinels (Dis:7)
  15 tentacled monstrosities
  23 Orb Guardians (Zot:5)
  3 titans
  3 deep elf master archers (Elf:3)
  The ghost of Banto the Purveyor of Pain, an adept DsGl of Kikubaaqudgha (Spider:4)
  14 quicksilver dragons
  4 deep elf blademasters
  5 death cobs
  3 eldritch tentacles
  20 acid blobs
  2 Executioners (Dis:7)
  13 ancient champions
  3 thorn hunters
  11 sphinxes
  12 shadow dragons
  3 tentacled starspawn
  5 tengu reavers
  6 frost giants
  2 revenants
  9 azure jellies
  10 storm dragons
  9 fire giants
  2 draconian monks
  Roxanne (Swamp:2)
  4 ghost moths
  2 iron dragons
  15 vault wardens
  3 draconian knights (Zot:2)
  9 deep elf sorcerers
  A balrug (Depths:1)
  9 ghouls (Crypt:2)
  Louise (D:15)
  5 emperor scorpions
  9 ironheart preservers
  2 draconian shifters (Zot:4)
  9 deep elf elementalists
  13 war gargoyles
  4 curse skulls
  6 cacodemons
  2 draconian stormcallers
  The ghost of Benedikt the Unseen, an adept SpEn of Dithmenos (Swamp:2)
  51 reapers
  4 elemental wellsprings
  2 draconian annihilators (Zot:4)
  16 stone giants
  5 entropy weavers
  13 vampire knights
  21 very ugly things
  Nessos (Lair:6)
  3 deep elf demonologists
  2 bennus (Tomb:1)
  A spark wasp (shapeshifter) (Vaults:5)
  4 black draconians
  3 green draconians
  3 yellow draconians
  4 white draconians
  3 spark wasps
  8 deep elf annihilators
  A dire elephant (Abyss:5)
  7 red draconians
  18 purple draconians
  13 blizzard demons
  Snorg (D:11)
  A green death (Coc:3)
  9 ettins
  9 death oozes
  Josephine (D:15)
  11 eidola
  8 statues (WizLab)
  15 jiangshi
  7 deep elf high priests
  13 fire dragons
  A kraken zombie (Coc:7)
  9 quicksilver dragon zombies
  Erolcha (Orc:2)
  10 mummy priests
  4 deep elf death magi
  7 great orbs of eyes
  Fannar (Orc:1)
  23 yaktaur captains
  32 vault guards
  28 ice dragons
  3 rakshasas
  19 hydras
  2 ghost crabs
  9 centaur warriors
  39 two-headed ogres
  A spriggan air mage (Depths:3)
  A death knight (D:15)
  A queen ant (Lair:5)
  4 death scarabs (Tomb:1)
  13 ogre magi
  5 hell hogs
  5 deep troll shamans
  6 death yaks (Lair:2)
  6 deep troll earth magi
  5 tengu warriors
  An orc high priest (Elf:3)
  9 vampire magi
  4 alligators
  5 dancing weapons (Dis:7)
  4 titan zombies
  9 thrashing horrors
  4 spriggans (Swamp:4)
  10 storm dragon zombies
  Sonja (D:14)
  24 soul eaters
  30 hell knights
  2 iron golems
  3 sun demons
  A shock serpent (shapeshifter) (Elf:3)
  A spatial maelstrom (Abyss:2)
  4 titan skeletons
  83 skeletal warriors
  23 shadow wraiths
  5 iron trolls
  4 sixfirhies
  7 wretched stars
  A glowing orange brain (Abyss:3)
  7 shadow demons
  10 swamp dragons
  7 unseen horrors
  12 flayed ghosts
  2 storm dragon skeletons
  The ghost of Enish the Martial Artist, a novice GnTm of Gozag (D:7)
  2 spriggan druids
  8 anaconda zombies
  37 starcursed masses
  6 golden dragon zombies
  8 ironbrand convokers
  12 orc knights
  8 deep elf archers
  2 ghost moth zombies
  2 golden dragon skeletons
  7 deep trolls
  13 wizards
  2 shambling mangroves (Abyss:5)
  2 shadow dragon zombies
  2 shadow dragon skeletons
  23 necromancers
  25 phantasmal warriors
  2 wolf spider zombies (Crypt:3)
  4 anaconda skeletons
  25 wolf spiders
  14 orb spiders
  5 shining eyes
  A faun (shapeshifter) (Vaults:2)
  2 frost giant zombies
  16 orc sorcerers
  6 iron dragon zombies
  5 worldbinders
  59 ugly things
  A moth of wrath (shapeshifter) (D:14)
  4 cyclopes
  56 deep elf magi
  2 salamanders (shapeshifter) (Depths:3)
  2 iron dragon skeletons
  3 oklob plants (Lair:4)
  6 elephants (Lair:6)
  8 fire giant zombies
  5 stone giant zombies
  12 moths of wrath
  4 stone giant skeletons
  5 black mambas
  4 spriggan zombies
  5 fire giant skeletons
  2 water nymphs (Abyss:5)
  A manticore (D:12)
  4 dire elephant zombies
  6 frost giant skeletons
  3 shock serpent zombies
  4 ice statues
  A water nymph (shapeshifter) (Vaults:4)
  A guardian serpent (shapeshifter) (Depths:2)
  9 vault sentinels
  5 centaur zombies
  An orange demon (Abyss:5)
  A naga mage (D:15)
  37 rust devils
  3 eyes of devastation
  2 catoblepas zombies
  3 apocalypse crabs
  2 storm dragon simulacra (Coc:7)
  A guardian serpent (Abyss:2)
  12 smoke demons
  26 spiny frogs
  2 titan simulacra
  2 emperor scorpion zombies
  4 gargoyles
  2 kobold demonologists
  3 dire elephant skeletons
  2 efreet
  A yaktaur zombie (Hell)
  5 komodo dragons
  35 ice devils
  11 hellions
  3 rime drakes
  52 yaktaurs
  36 freezing wraiths
  13 hellwings (Crypt:3)
  25 tormentors
  12 demonic crawlers
  10 tengu conjurers
  4 ancient zymes
  38 jumping spiders
  A queen bee (D:15)
  A komodo dragon (shapeshifter) (Depths:3)
  A yaktaur (shapeshifter) (Vaults:4)
  6 red devils
  10 hydra zombies
  10 guardian mummies
  A troll (shapeshifter) (Vaults:5)
  3 silent spectres (Tar:7)
  4 trolls
  2 minotaur zombies
  A black draconian skeleton (Crypt:2)
  6 meliai (D:15)
  A polar bear (Lair:3)
  16 hornets
  3 harpy zombies
  6 hippogriffs
  9 tyrant leeches
  12 dream sheep
  13 raiju
  10 hydra skeletons
  61 slime creatures
  A minotaur skeleton (Coc:5)
  4 fire dragon zombies
  5 alligator zombies
  A wind drake (shapeshifter) (Vaults:2)
  34 blink frogs
  A stone giant simulacrum (Coc:3)
  5 bog bodies
  2 harpy skeletons
  2 frost giant simulacra
  4 ice dragon zombies
  59 flying skulls
  3 alligator skeletons
  6 ettin zombies
  71 redbacks
  27 wraiths
  A vampire (D:10)
  3 ettin skeletons
  6 fire dragon skeletons
  11 shadows
  3 humans (Vaults:1)
  6 ice dragon skeletons
  24 tarantellas
  3 ushabtiu
  8 water elementals
  36 yaks
  2 ynoxinuls
  7 hungry ghosts
  4 wyverns
  A yak (shapeshifter) (Vaults:4)
  Eustachio (D:5)
  A golden eye (shapeshifter) (Vaults:2)
  2 basilisks
  16 large abominations
  5 neqoxecs
  9 fire elementals
  A redback simulacrum (D:15)
  A black mamba skeleton (Crypt:1)
  A human simulacrum (Vaults:1)
  10 vampire mosquitoes
  A swamp worm (shapeshifter) (Depths:3)
  7 wargs
  The ghost of Trigun the Digger, an amateur GnEE (D:4)
  A merfolk zombie (Dis:7)
  18 insubstantial wisps
  An infernal demonspawn zombie (Dis:7)
  22 soldier ants
  9 swamp worms
  Edmund (D:5)
  A soldier ant (shapeshifter) (D:14)
  6 water moccasins
  A tengu zombie (Hell)
  3 hydra simulacra
  A floating eye (Depths:4)
  23 hell hounds
  2 acid dragons (D:13)
  A spatial vortex (Abyss:2)
  4 porcupines
  4 spiny frog zombies
  12 swamp drakes
  44 orc warriors
  6 sky beasts
  4 spiny frog skeletons
  3 alligator simulacra
  5 snapping turtle zombies
  44 ice beasts
  A deep troll simulacrum (Depths:1)
  An eye of draining (Slime:1)
  A sky beast (shapeshifter) (Vaults:5)
  22 boggarts
  40 ogres
  5 phantoms
  4 swamp dragon zombies
  A hornet zombie (D:15)
  A spriggan simulacrum (Depths:1)
  A black bear (Lair:2)
  A manticore zombie (Coc:3)
  17 necrophages
  18 centaurs
  10 wolves
  10 crocodiles
  A rime drake zombie (Crypt:1)
  A dream sheep skeleton (Crypt:2)
  2 big kobolds
  A lindwurm skeleton (Crypt:1)
  3 elf zombies
  12 small abominations
  21 bullfrogs
  Blork the orc (D:5)
  A gnoll sergeant (D:7)
  An earth elemental (Elf:3)
  A spiny frog simulacrum (Hell)
  A wyvern zombie (D:11)
  A yaktaur skeleton (Crypt:2)
  A salamander skeleton (Crypt:2)
  9 wyvern skeletons
  7 scorpions
  22 killer bees
  35 wights
  2 electric eels
  6 howler monkeys
  11 crimson imps
  A bullfrog zombie (D:6)
  3 quasits
  7 hounds
  6 jellies
  A human zombie (Dis:6)
  16 orc priests
  4 bullfrog skeletons
  8 centaur skeletons
  27 iron imps
  A soldier ant zombie (Crypt:2)
  4 iguanas
  A human skeleton (Crypt:3)
  A basilisk skeleton (Crypt:2)
  43 orc wizards
  29 worker ants
  4 hell rats (Hell)
  A naga skeleton (Tar:5)
  A tengu skeleton (Coc:5)
  An ogre zombie (Crypt:3)
  A hound skeleton (D:10)
  2 howler monkey zombies
  26 mummies
  3 worker ant zombies
  13 gnolls
  10 adders
  10 shadow imps
  9 white imps
  An ufetubus (Abyss:4)
  An ooze (D:3)
  2 adder skeletons
  2 worms
  A dart slug (D:3)
  2 leopard geckos
  110 orcs
  10 bats
  6 giant cockroaches
  7 goblins
  4 hobgoblins
  12 jackals
  4 quokkas
  A ball python (D:1)
  5 frilled lizards
  16 kobolds
  A kobold skeleton (Crypt:2)
  A quokka skeleton (D:9)
  2 rats
  2 crawling corpses (Crypt:3)
  A fire vortex (Depths:2)
  2 fungi
  3 plants
  4 starspawn tentacles
  4 tentacles (Coc:7)
  4 withered plants (Crypt:3)
3467 creatures vanquished.

Vanquished Creatures (collateral kills)
  4 acid blobs
  A great orb of eyes (Slime:5)
  A storm dragon zombie (Tar:2)
  A shadow demon (Tar:7)
  3 skeletal warriors
  A deep elf archer (Elf:3)
  A deep elf mage (Elf:3)
  A jumping spider (Spider:3)
  2 flying skulls (Tar:7)
  An emperor scorpion simulacrum (Coc:3)
  An eye of draining (Slime:5)
  A necrophage (Tar:3)
  A shadow imp (Tar:7)
  A white imp (Coc:7)
20 creatures vanquished.

Vanquished Creatures (others)
  An eldritch tentacle (Dis:5)
  A fire giant (Depths:1)
  A stone giant (Vaults:3)
  3 elemental wellsprings
  A hydra (Swamp:4)
  3 dancing weapons
  A soul eater (Hell)
  3 spriggan druids (Swamp:4)
  A phantasmal warrior (Crypt:3)
  A wolf spider (Spider:4)
  A deep elf mage (WizLab)
  A freezing wraith (Crypt:3)
  A yaktaur (Vaults:5)
  A harpy skeleton (Coc:2)
  An alligator zombie (Hell)
  A hydra skeleton (Coc:5)
  A flying skull (Coc:7)
  An ice dragon skeleton (Coc:7)
  A spriggan (Swamp:4)
  A wraith (Dis:6)
  A neqoxec (Abyss:4)
  An ogre (Vaults:5)
  An iron imp (Dis:7)
  A hell rat (Hell)
  An orc wizard (Orc:2)
  A mummy (Tomb:2)
  A ball lightning (Tomb:1)
  An orc (D:15)
  3 briar patches
  3 fungi
  A lurking horror (Abyss:3)
  43 plants
  5 starspawn tentacles
  2 tentacles (Coc:7)
  17 withered plants (Crypt:3)
108 creatures vanquished.

Grand Total: 3595 creatures vanquished

Notes
Turn   | Place    | Note
-------+----------+-------------------------------------------
     0 | D:1      | M4edhros the Gnoll Fighter began the quest for the Orb.
     0 | D:1      | Reached XP level 1. HP: 20/20 MP: 1/1
   140 | D:1      | Reached XP level 2. HP: 21/26 MP: 2/2
   537 | D:1      | Reached skill level 5 in Long Blades
   537 | D:1      | Reached XP level 3. HP: 14/31 MP: 3/3
  1174 | D:2      | Reached skill level 1 in Polearms
  1453 | D:2      | Reached XP level 4. HP: 38/38 MP: 4/4
  1745 | D:3      | Reached skill level 1 in Dodging
  1800 | D:3      | Reached XP level 5. HP: 16/43 MP: 5/5
  1967 | D:3      | Reached skill level 5 in Shields
  2063 | D:3      | Found a glowing golden altar of the Shining One.
  2336 | D:4      | Noticed an ogre
  2336 | D:4      | Reached skill level 5 in Armour
  2352 | D:4      | Paralysed by an orc for 5 turns
  2366 | D:4      | Killed an ogre
  2366 | D:4      | Reached XP level 6. HP: 34/50 MP: 6/6
  2421 | D:4      | Reached skill level 5 in Fighting
  2775 | D:4      | Noticed Trigun's ghost (amateur GnEE)
  2794 | D:4      | Killed Trigun's ghost
  2794 | D:4      | Reached skill level 5 in Polearms
  2794 | D:4      | Reached XP level 7. HP: 51/56 MP: 7/7
  2890 | D:4      | Reached skill level 6 in Shields
  3244 | D:5      | Entered Level 5 of the Dungeon
  3297 | D:5      | Gained mutation: Your muscles are strong. (Str +2) [mutagenic meat]
  3298 | D:5      | Gained mutation: You are agile. (Dex +2) [mutagenic meat]
  3541 | D:5      | Reached XP level 8. HP: 54/65 MP: 8/8
  3766 | D:5      | Noticed Eustachio
  3793 | D:5      | Killed Eustachio
  3793 | D:5      | Reached skill level 5 in Dodging
  3793 | D:5      | Reached skill level 1 in Evocations
  3881 | D:5      | Reached skill level 7 in Shields
  3962 | D:5      | Noticed Blork the orc
  3974 | D:5      | Killed Blork the orc
  3993 | D:5      | Noticed Edmund
  4024 | D:5      | Killed Edmund
  4740 | D:6      | Reached XP level 9. HP: 68/72 MP: 11/11
  5608 | D:7      | Found a blossoming altar of Fedhas.
  5639 | D:7      | Noticed a hornet
  5644 | D:7      | Paralysed by a hornet for 2 turns
  5654 | D:7      | Killed a hornet
  5779 | D:7      | Found a staircase to the Ecumenical Temple.
  5791 | Temple   | Entered the Ecumenical Temple
  5912 | Temple   | Became a worshipper of Gozag Ym Sagoz the Greedy
  6084 | D:7      | Noticed Enish's ghost (novice GnTm)
  6100 | D:7      | Killed Enish's ghost
  6100 | D:7      | Reached skill level 8 in Shields
  6100 | D:7      | Reached skill level 5 in Evocations
  6100 | D:7      | Reached XP level 10. HP: 71/81 MP: 12/14
  6181 | D:7      | Found Congaroch's Magic Scroll Shoppe.
  6552 | D:8      | Got a smoking ring mail
  6563 | D:8      | Identified the +7 ring mail of the Furies {rF- Slay+6} (You found it on level 8 of the Dungeon)
  6563 | D:8      | some kind of joke lololol, 12 slaying
  7152 | D:9      | Learned a level 3 spell: Mephitic Cloud
  7155 | D:9      | Learned a level 2 spell: Blink
  7455 | D:10     | Entered Level 10 of the Dungeon
  7456 | D:10     | Reached skill level 1 in Stealth
  7462 | D:10     | Reached skill level 1 in Air Magic
  7511 | D:10     | Killed an unseen horror
  7511 | D:10     | Reached skill level 1 in Spellcasting
  7511 | D:10     | Reached skill level 1 in Conjurations
  7511 | D:10     | Reached skill level 1 in Translocations
  7511 | D:10     | Reached skill level 1 in Poison Magic
  7818 | D:10     | Found a staircase to the Orcish Mines.
  7850 | D:10     | Got a heavily runed copper ring
  7851 | D:10     | Found Wuelul's Gadget Emporium.
  7896 | D:10     | Reached XP level 11. HP: 86/86 MP: 16/16
  8388 | D:10     | Identified the ring of Lies {+Fly rN+ Str+3 Int-5 Dex+4} (You found it on level 10 of the Dungeon)
  8416 | Orc:1    | Entered Level 1 of the Orcish Mines
  8430 | Orc:1    | Noticed Fannar
  8745 | Orc:1    | Killed Fannar
  8794 | Orc:1    | Found a runed door.
  8826 | Orc:1    | Noticed an orc sorcerer
  8838 | Orc:1    | Killed an orc sorcerer
  8838 | Orc:1    | Reached skill level 9 in Shields
  9261 | Orc:1    | Found a roughly hewn altar of Beogh.
  9310 | Orc:2    | Entered Level 2 of the Orcish Mines
  9310 | Orc:2    | Found a roughly hewn altar of Beogh.
  9353 | Orc:2    | Reached skill level 5 in Poison Magic
  9362 | Orc:2    | Found a frozen archway.
  9383 | IceCv    | Entered an ice cave
  9425 | IceCv    | Reached skill level 5 in Spellcasting
  9508 | IceCv    | Reached skill level 5 in Stealth
  9508 | IceCv    | Reached skill level 5 in Conjurations
  9648 | IceCv    | Noticed an ice dragon
  9666 | IceCv    | Noticed an ice dragon
  9673 | IceCv    | Killed an ice dragon
  9673 | IceCv    | Reached skill level 5 in Translocations
  9673 | IceCv    | Reached skill level 5 in Air Magic
  9673 | IceCv    | Reached XP level 12. HP: 84/93 MP: 20/20
  9680 | IceCv    | Killed an ice dragon
  9909 | Orc:2    | Found a staircase to the Elven Halls.
  9977 | Orc:2    | Found Iqell's Magic Scroll Shoppe.
 10623 | Orc:2    | Found Mathrot's Distillery.
 10678 | Orc:2    | Bought a potion of heal wounds for 55 gold pieces
 10678 | Orc:2    | Bought a potion of heal wounds for 55 gold pieces
 10678 | Orc:2    | Bought a potion of heal wounds for 55 gold pieces
 10678 | Orc:2    | Bought a potion of mutation for 88 gold pieces
 10678 | Orc:2    | Lost mutation: You are agile. (Dex +2) [potion of mutation]
 10678 | Orc:2    | Gained mutation: Your movements are slightly less encumbered by armour. (ER -2) [potion of mutation]
 10678 | Orc:2    | Lost mutation: Your muscles are strong. (Str +2) [potion of mutation]
 10678 | Orc:2    | Gained mutation: You have large cloven feet. [potion of mutation]
 10679 | Orc:2    | Lost mutation: You have large cloven feet. [potion of mutation]
 10679 | Orc:2    | Lost mutation: Your movements are slightly less encumbered by armour. (ER -2) [potion of mutation]
 10679 | Orc:2    | Gained mutation: You do not regenerate when monsters are visible. [potion of mutation]
 10679 | Orc:2    | Gained mutation: You are somewhat resistant to further mutation. [potion of mutation]
 10680 | Orc:2    | Bought a potion of mutation for 88 gold pieces
 10680 | Orc:2    | Lost mutation: You are somewhat resistant to further mutation. [potion of mutation]
 10680 | Orc:2    | Lost mutation: You do not regenerate when monsters are visible. [potion of mutation]
 10680 | Orc:2    | Gained mutation: You are resistant to hostile enchantments. (MR+) [potion of mutation]
 10680 | Orc:2    | Gained mutation: You possess an exceptional clarity of mind. [potion of mutation]
 10680 | Orc:2    | Gained mutation: You are weak. (Str -2) [potion of mutation]
 10680 | Orc:2    | Gained mutation: You are somewhat resistant to further mutation. [potion of mutation]
 10694 | Orc:2    | Found a radiant altar of Vehumet.
 10695 | Orc:2    | Noticed Erolcha
 10706 | Orc:2    | Killed Erolcha
 10731 | Orc:2    | Found Caneumuk's Gadget Shoppe.
 10753 | Orc:2    | Found an ancient bone altar of Kikubaaqudgha.
 10797 | Orc:2    | Found a roughly hewn altar of Beogh.
 10798 | Orc:2    | Found Sewamokh's Antique Weapon Shoppe.
 10835 | Orc:2    | Found Upparis's Magic Scroll Emporium.
 11017 | Orc:2    | Bought a bloodstained fustibalus for 500 gold pieces
 11017 | Orc:2    | Identified the +4 fustibalus of the Penguin {flame, Int+2} (You bought it in a shop on level 2 of the Orcish Mines)
 11031 | Orc:2    | Bought a scroll of teleportation for 51 gold pieces
 11031 | Orc:2    | Bought a scroll of teleportation for 51 gold pieces
 11067 | Orc:2    | Bought a potion of curing for 33 gold pieces
 11162 | D:10     | Bought the ring of Liberty {*Corrode +Fly rN+ Slay+5 SInv} for 655 gold pieces
 11162 | D:10     | Bought the cursed ring "Coedd" {MR+ Str-3 Slay+5} for 451 gold pieces
 11243 | D:10     | Learned a level 4 spell: Leda's Liquefaction
 11353 | D:11     | Noticed a two-headed ogre
 11361 | D:11     | Killed a two-headed ogre
 11374 | D:11     | Reached skill level 10 in Shields
 11498 | D:11     | Reached XP level 13. HP: 81/98 MP: 23/23
 11508 | D:11     | Noticed Snorg
 11514 | D:11     | Killed Snorg
 11930 | D:14     | Reached skill level 11 in Shields
 12087 | D:14     | Learned a level 1 spell: Apportation
 12089 | D:14     | Learned a level 1 spell: Summon Butterflies
 12211 | D:15     | Entered Level 15 of the Dungeon
 12269 | D:15     | Noticed Josephine
 12281 | D:15     | Noticed a yaktaur captain
 12284 | D:15     | Noticed an ice dragon
 12287 | D:15     | Noticed Louise
 12299 | D:15     | Noticed a fire giant
 12310 | D:15     | Killed a yaktaur captain
 12318 | D:15     | Killed a fire giant
 12318 | D:15     | Reached skill level 12 in Shields
 12325 | D:15     | Reached XP level 14. HP: 105/105 MP: 24/24
 12335 | D:15     | Killed Louise
 12877 | D:15     | Found a staircase to the Depths.
 13135 | D:15     | Killed Josephine
 13347 | D:13     | Identified a scroll of acquirement
 13781 | D:11     | Found a staircase to the Lair.
 13792 | Lair:1   | Entered Level 1 of the Lair of Beasts
 13805 | Lair:1   | Reached skill level 13 in Shields
 14101 | Lair:2   | Reached skill level 1 in Slings
 14130 | Lair:2   | Found a hole to the Spider Nest.
 14210 | Lair:3   | Bought a crude leather armour for 259 gold pieces
 14210 | Lair:3   | Bought an ichor-stained ring mail for 333 gold pieces
 14224 | Lair:3   | Identified the +2 leather armour of Dicepes {rPois rCorr Str+3 Slay+2} (You bought it in a shop on level 3 of the Lair of Beasts)
 14240 | Lair:3   | Reached XP level 15. HP: 84/112 MP: 25/25
 14252 | Lair:3   | Identified the cursed +1 ring mail of Rishrevi {Regen+} (You bought it in a shop on level 3 of the Lair of Beasts)
 14451 | Lair:5   | Got a brightly glowing wooden ring
 14452 | Lair:5   | Identified the ring of Music {Ice rN+ Dex+3} (You found it on level 5 of the Lair of Beasts)
 14595 | Lair:5   | Reached skill level 5 in Slings
 14930 | Lair:6   | Entered Level 6 of the Lair of Beasts
 15128 | Lair:6   | Found a viscous altar of Jiyva.
 15128 | Lair:6   | Found a staircase to the Slime Pits.
 15182 | Lair:6   | Reached skill level 10 in Polearms
 15288 | Lair:6   | Noticed Nessos
 15368 | Lair:6   | Killed Nessos
 15444 | Lair:6   | Reached skill level 10 in Fighting
 15998 | Lair:3   | Reached XP level 16. HP: 77/122 MP: 26/26
 16473 | Lair:5   | Bought the ring of Huixus {rPois MP-9 Str+5 Dex+2 SInv} for 405 gold pieces
 16544 | Spider:1 | Entered Level 1 of the Spider Nest
 16812 | Spider:2 | Reached skill level 10 in Dodging
 17670 | Spider:4 | Entered Level 4 of the Spider Nest
 17683 | Spider:4 | Noticed Banto's ghost (adept DsGl)
 17699 | Spider:4 | Killed Banto's ghost
 18066 | Spider:4 | Reached XP level 17. HP: 110/128 MP: 22/27
 18527 | Spider:4 | Got a translucent amethyst amulet
 18539 | Spider:4 | Got a gossamer rune of Zot
 19185 | Orc:2    | Bought the +5 demon whip "Spellbinder" {antimagic, MR+} for 2065 gold pieces
 19429 | Lair:2   | Found a staircase to the Swamp.
 19440 | Swamp:1  | Entered Level 1 of the Swamp
 19481 | Swamp:1  | Got a brightly glowing lapis lazuli ring
 19504 | Swamp:1  | Identified the amulet of Bodily Harmony {Harm *Drain rPois rF++ rN+ Str-5} (You found it on level 4 of the Spider Nest)
 19533 | Swamp:1  | Reached skill level 1 in Maces & Flails
 19684 | Swamp:2  | Noticed Benedikt's ghost (adept SpEn)
 19693 | Swamp:2  | Killed Benedikt's ghost
 19991 | Swamp:2  | Noticed Roxanne
 20043 | Swamp:2  | Killed Roxanne
 20044 | Swamp:2  | Identified Roxanne's Grimoire of the Mountains (You took it off Roxanne on level 2 of the Swamp)
 20053 | Swamp:2  | Learned a level 6 spell: Statue Form
 20056 | Swamp:2  | Got a brightly glowing robe
 20068 | Swamp:2  | Identified the +1 robe of Cloud Cover {MR+ Str+6 Int+4} (You found it on level 2 of the Swamp)
 20209 | Swamp:3  | Reached skill level 1 in Transmutations
 20209 | Swamp:3  | Reached skill level 1 in Earth Magic
 20356 | Swamp:3  | Identified the ring of Democracy {rC+ Slay+5 Stlth-} (You found it on level 1 of the Swamp)
 20379 | Swamp:4  | Entered Level 4 of the Swamp
 20475 | Swamp:4  | Reached skill level 5 in Maces & Flails
 20600 | Swamp:4  | Reached skill level 5 in Transmutations
 20605 | Swamp:4  | Reached skill level 5 in Earth Magic
 20607 | Swamp:4  | Reached XP level 18. HP: 135/135 MP: 23/28
 20805 | Swamp:4  | Got a decaying rune of Zot
 21320 | Elf:1    | Entered Level 1 of the Elven Halls
 21544 | Elf:1    | Identified the Almanac of Stolen Souls
 21549 | Elf:1    | Learned a level 3 spell: Regeneration
 21635 | Elf:1    | Reached skill level 1 in Necromancy
 21703 | Elf:2    | Reached skill level 1 in Charms
 21968 | Elf:3    | Entered Level 3 of the Elven Halls
 22067 | Elf:3    | Found Cer Gext's Assorted Antiques.
 22095 | Elf:3    | Bought an embroidered scarf for 296 gold pieces
 22095 | Elf:3    | Bought a jewelled helmet for 351 gold pieces
 22341 | Elf:3    | Noticed a deep elf blademaster
 22370 | Elf:3    | Noticed a deep elf master archer
 22379 | Elf:3    | Killed a deep elf blademaster
 22390 | Elf:3    | Killed a deep elf master archer
 22408 | Elf:3    | Noticed a deep elf master archer
 22444 | Elf:3    | Killed a deep elf master archer
 22494 | Elf:3    | Noticed a deep elf blademaster
 22584 | Elf:3    | Killed a deep elf blademaster
 22716 | Elf:3    | Reached XP level 19. HP: 121/140 MP: 11/30
 22718 | Elf:3    | Got a scorched steel amulet
 22794 | Elf:3    | Reached skill level 5 in Charms
 22819 | Elf:3    | Reached skill level 5 in Necromancy
 22892 | Elf:3    | Got a brightly glowing chain mail
 22913 | Elf:3    | Identified the +8 chain mail of the Hanged Man {rPois} (You took it off a deep elf high priest on level 3 of the Elven Halls)
 22954 | Elf:3    | Identified Sif Muna's Guide on Heat and Earth
 23069 | Elf:3    | Got a shimmering chain mail
 23075 | Elf:3    | Identified the +1 chain mail of Starshine {rN+} (You found it on level 3 of the Elven Halls)
 23748 | Temple   | Fell from the grace of Gozag
 23748 | Temple   | Became a worshipper of Cheibriados the Contemplative
 24061 | D:14     | Was placed under penance by Cheibriados
 24067 | D:14     | Was forgiven by Cheibriados
 24101 | D:14     | Gained mutation: Your mind is acute. (Int +2) [mutagenic meat]
 24102 | D:14     | Gained mutation: Your body sometimes deteriorates upon taking damage. [mutagenic meat]
 24367 | D:14     | Found a portal to a secret trove of treasure.
 24685 | D:14     | Noticed Sonja
 24696 | D:14     | Killed Sonja
 24940 | D:14     | Reached * piety under Cheibriados
 25126 | D:14     | Found a gate to the Vaults.
 25195 | Vaults:1 | Entered Level 1 of the Vaults
 25296 | Vaults:1 | Reached ** piety under Cheibriados
 25409 | Vaults:1 | Found a flickering gateway to a bazaar.
 25437 | Bazaar   | Entered a bazaar
 25437 | Bazaar   | Found Guasilolou's Antique Weapon Emporium.
 25437 | Bazaar   | Found Nihocri's Distillery.
 25437 | Bazaar   | Found Hocumep's Jewellery Shoppe.
 25437 | Bazaar   | Found Kabic's Food Shop.
 25439 | Bazaar   | Found Zujynol's Armour Boutique.
 25439 | Bazaar   | Found Bachaf's Weapon Shoppe.
 25464 | Bazaar   | Bought a potion of resistance for 110 gold pieces
 25464 | Bazaar   | Bought a potion of curing for 33 gold pieces
 25464 | Bazaar   | Bought a potion of curing for 33 gold pieces
 25464 | Bazaar   | Bought a potion of curing for 33 gold pieces
 25464 | Bazaar   | Bought a potion of heal wounds for 55 gold pieces
 25464 | Bazaar   | Bought a potion of agility for 44 gold pieces
 25464 | Bazaar   | Bought a potion of invisibility for 88 gold pieces
 25464 | Bazaar   | Bought a potion of invisibility for 88 gold pieces
 25470 | Bazaar   | Bought a +2 shield of protection for 150 gold pieces
 25495 | Bazaar   | Bought an uncursed ring of wizardry for 300 gold pieces
 25590 | Vaults:1 | Reached skill level 10 in Earth Magic
 25629 | Vaults:1 | Reached skill level 10 in Transmutations
 25757 | Vaults:1 | Reached *** piety under Cheibriados
 25774 | Vaults:1 | Identified the amulet of Fun {Faith *Corrode +Fly rN+} (You took it off a deep elf elementalist on level 3 of the Elven Halls)
 25828 | Vaults:1 | HP: 5/140 [vault warden/broad axe (29)]
 25981 | Vaults:1 | Gained mutation: You are partially covered in molten scales. (AC +2) [mutagenic meat]
 26019 | Vaults:1 | Reached **** piety under Cheibriados
 26163 | Vaults:2 | Found a staircase to the Crypt.
 26188 | Crypt:1  | Entered Level 1 of the Crypt
 26221 | Crypt:1  | Reached XP level 20. HP: 34/147 MP: 33/33
 26304 | Crypt:2  | Reached ***** piety under Cheibriados
 26343 | Crypt:1  | Found an ancient bone altar of Kikubaaqudgha.
 26563 | Crypt:2  | Reached skill level 10 in Spellcasting
 26572 | Crypt:2  | Reached skill level 14 in Shields
 26722 | Crypt:3  | Entered Level 3 of the Crypt
 26730 | Crypt:3  | Noticed Mara
 26740 | Crypt:3  | Noticed M4edhros's illusion
 26748 | Crypt:3  | Reached skill level 1 in Invocations
 26814 | Crypt:3  | Noticed Bai Suzhen
 26828 | Crypt:3  | Killed Bai Suzhen
 26838 | Crypt:3  | Reached ****** piety under Cheibriados
 26868 | Crypt:3  | Noticed Jory
 26882 | Crypt:3  | Killed Jory
 27135 | Crypt:3  | Noticed M4edhros's illusion
 27148 | Crypt:3  | Reached skill level 5 in Invocations
 27300 | Crypt:3  | Reached XP level 21. HP: 152/153 MP: 35/35
 27328 | Crypt:3  | Found a staircase to the Tomb.
 27408 | Crypt:3  | Was forgiven by Gozag
 27410 | Crypt:3  | Found an ancient bone altar of Kikubaaqudgha.
 27530 | Crypt:3  | Noticed an ancient lich
 27545 | Crypt:3  | Killed an ancient lich
 27560 | Crypt:3  | Got a bound wooden ring
 27571 | Crypt:3  | Identified the Disquisition on Dark Rites
 27579 | Crypt:3  | Learned a level 4 spell: Control Undead
 27587 | Crypt:3  | Learned a level 7 spell: Haunt
 28051 | Vaults:2 | Found Mairphowk's Assorted Antiques.
 28052 | Vaults:2 | Found Woasmauw's Food Shoppe.
 28062 | Vaults:2 | Learned a level 4 spell: Summon Lightning Spire
 28066 | Vaults:2 | Bought a potion of agility for 112 gold pieces
 28188 | Vaults:2 | Found Eliasch's General Store.
 28191 | Vaults:2 | Bought a scroll of recharging for 104 gold pieces
 28448 | Vaults:2 | Bought a scroll of identify for 56 gold pieces
 28448 | Vaults:2 | Identified the +2 helmet of Ocimal {+Inv MR++ Str-4 Stlth+} (You bought it in a shop on level 3 of the Elven Halls)
 28765 | Orc:2    | Bought a scroll of identify for 32 gold pieces
 28765 | Orc:2    | Bought a scroll of identify for 32 gold pieces
 28765 | Orc:2    | Bought a scroll of teleportation for 48 gold pieces
 28765 | Orc:2    | Bought a scroll of acquirement for 832 gold pieces
 28766 | Orc:2    | Got a pair of jewelled boots
 28772 | Orc:2    | Identified the +0 pair of boots of the Untouchables {rN+ Dex+3} (You acquired it on level 2 of the Orcish Mines)
 28868 | D:7      | Bought a scroll of identify for 32 gold pieces
 28868 | D:7      | Bought a scroll of acquirement for 832 gold pieces
 28868 | D:7      | Bought a scroll of teleportation for 48 gold pieces
 28868 | D:7      | Identified the ring of the Marlin {+Fly Str+4} (You took it off a necromancer on level 3 of the Crypt)
 29209 | Slime:1  | Entered Level 1 of the Pits of Slime
 29214 | Slime:1  | Reached skill level 1 in Summonings
 29347 | Slime:2  | Gained mutation: You are frail. (-10% HP) [a shining eye]
 29463 | Slime:5  | Entered Level 5 of the Pits of Slime
 29509 | Slime:4  | Reached XP level 22. HP: 98/144 MP: 37/37
 29607 | Slime:5  | Found a viscous altar of Jiyva.
 29607 | Slime:5  | Noticed the Royal Jelly
 29613 | Slime:5  | Reached skill level 5 in Summonings
 29699 | Slime:5  | Killed the Royal Jelly
 29849 | Slime:5  | Got a slimy plate armour
 29862 | Slime:5  | Identified the Disquisition on Helpful Feathers
 29872 | Slime:5  | Learned a level 6 spell: Deflect Missiles
 29875 | Slime:5  | Learned a level 2 spell: Song of Slaying
 29884 | Slime:5  | Got a shimmering cloak
 29895 | Slime:5  | Identified the +2 cloak of Precision Catastrophes {*Drain Str+6 Slay+5} (You found it on level 5 of the Pits of Slime)
 29895 | Slime:5  | this is ridiculous... slaying in every item in this game
 29895 | Slime:5  | this cloak though, +2 str6 slay5
 29900 | Slime:5  | Identified the Almanac of Creation
 29917 | Slime:5  | Got a bronze chain mail
 29930 | Slime:5  | Got a slimy rune of Zot
 29977 | Slime:5  | Got a pair of crude boots
 29988 | Slime:5  | Identified the +1 pair of boots "Bontu" {rF+ Int+3 Dex+3} (You found it on level 5 of the Pits of Slime)
 29988 | Slime:5  | nice boots, rf int3 dex3 +1 shoes
 30000 | Slime:5  | Identified the +13 chain mail of the Swamp {rCorr Str+5 Stlth+} (You found it on level 5 of the Pits of Slime)
 30000 | Slime:5  | whaaaat, 13 chainmail rcorr str5
 30000 | Slime:5  | this game is sick
 30025 | Slime:5  | Identified the +8 plate armour of the Black Moon {*Corrode Str+6 Dex+4} (You found it on level 5 of the Pits of Slime)
 30025 | Slime:5  | and plate amorur +8 str6 dex4
 30069 | Slime:5  | Got a crude bronze ring
 30070 | Slime:5  | Identified the ring of Hospitality {rPois AC+5 Str-2 Int+4} (You found it on level 5 of the Pits of Slime)
 30095 | Slime:5  | Learned a level 5 spell: Aura of Abjuration
 30502 | Orc:2    | Bought a scroll of recharging for 161 gold pieces
 30502 | Orc:2    | Bought a scroll of identify for 34 gold pieces
 30502 | Orc:2    | Bought a scroll of fear for 59 gold pieces
 30502 | Orc:2    | Bought a scroll of teleportation for 51 gold pieces
 30502 | Orc:2    | Bought a scroll of teleportation for 51 gold pieces
 30502 | Orc:2    | Bought a scroll of identify for 34 gold pieces
 30878 | Vaults:2 | Reached skill level 1 in Unarmed Combat
 31117 | Vaults:4 | Reached skill level 5 in Unarmed Combat
 31229 | Vaults:5 | Entered Level 5 of the Vaults
 31442 | Vaults:5 | Reached XP level 23. HP: 142/152 MP: 37/38
 31493 | Vaults:5 | Noticed an ancient lich
 31499 | Vaults:5 | Killed an ancient lich
 31522 | Vaults:5 | Found Momnurhyfo's Book Shoppe.
 31546 | Vaults:5 | Got a pair of ancient gloves
 31552 | Vaults:5 | Identified the cursed -7 pair of gloves of Compassion {Int+3} (You found it on level 5 of the Vaults)
 31610 | Vaults:5 | Noticed an ancient lich
 31615 | Vaults:5 | Killed an ancient lich
 31797 | Vaults:4 | Noticed a golden dragon
 31797 | Vaults:4 | a shadow dragon changed into a golden dragon
 31798 | Vaults:4 | a golden dragon changed into an iron giant
 31806 | Vaults:4 | Gained mutation: You are clumsy. (Dex -2) [mutagenic meat]
 31939 | Vaults:5 | Got a smoking turquoise ring
 31948 | Vaults:5 | Gained mutation: Your skin changes colour to match your surroundings (Stealth+). [mutagenic meat]
 32028 | Vaults:5 | Reached skill level 10 in Unarmed Combat
 32028 | Vaults:5 | Reached XP level 24. HP: 158/158 MP: 38/38
 32148 | Vaults:5 | Got a silver rune of Zot
 32163 | Vaults:5 | Identified the ring "Xiuffex" {*Drain rC+ EV+3 Dex+4} (You took it off a deep elf archer on level 5 of the Vaults)
 32238 | Vaults:4 | Gained mutation: Scrolls take you a little longer to read. [mutagenic meat]
 32240 | Vaults:4 | Lost mutation: You are partially covered in molten scales. (AC +2) [mutagenic meat]
 32662 | Depths:1 | Entered Level 1 of the Depths
 32722 | Depths:1 | Lost mutation: Scrolls take you a little longer to read. [mutagenic meat]
 32724 | Depths:1 | Gained mutation: Your magical capacity is low. (-10% MP) [mutagenic meat]
 32743 | Depths:1 | Lost mutation: You are somewhat resistant to further mutation. [mutagenic meat]
 32744 | Depths:1 | Gained mutation: You have sharp toenails. [mutagenic meat]
 32774 | Depths:1 | Lost mutation: You possess an exceptional clarity of mind. [mutagenic meat]
 32848 | Depths:1 | Found a one-way gate leading to the halls of Pandemonium.
 32909 | Depths:1 | Found a gateway to Hell.
 32964 | Depths:2 | Gained mutation: You possess an exceptional clarity of mind. [mutagenic meat]
 32965 | Depths:2 | Gained mutation: You have a pair of small horns on your head. [mutagenic meat]
 32974 | Depths:2 | Lost mutation: Your body sometimes deteriorates upon taking damage. [mutagenic meat]
 32976 | Depths:2 | Gained mutation: You are partially covered in molten scales. (AC +2) [mutagenic meat]
 32984 | Depths:2 | Lost mutation: Your mind is acute. (Int +2) [mutagenic meat]
 32986 | Depths:2 | Lost mutation: You have sharp toenails. [mutagenic meat]
 32989 | Depths:2 | Lost mutation: You are frail. (-10% HP) [mutagenic meat]
 33219 | Depths:1 | Found a runed door.
 33221 | Depths:1 | Noticed a caustic shrike
 33228 | Depths:1 | Killed a caustic shrike
 33277 | Hell     | Entered the Vestibule of Hell
 33277 | Hell     | Noticed Geryon
 33544 | Hell     | Killed Geryon
 33586 | Hell     | Reached XP level 25. HP: 146/183 MP: 18/34
 33634 | Hell     | Found a gateway to the Iron City of Dis.
 33641 | Hell     | Reached skill level 15 in Shields
 33651 | Dis:1    | Entered Level 1 of the Iron City of Dis
 33651 | Dis:1    | Found a gateway to Hell.
 33759 | Dis:2    | Found a gateway to Hell.
 33843 | Dis:3    | Found a gateway to Hell.
 33855 | Dis:4    | Found a gateway to Hell.
 33889 | Dis:5    | Found a gateway to Hell.
 33899 | Dis:5    | Found a gateway to Hell.
 34210 | Dis:6    | Found a gateway to Hell.
 34336 | Dis:6    | Reached skill level 15 in Dodging
 34345 | Dis:6    | Found a gateway to Hell.
 34436 | Dis:7    | Entered Level 7 of the Iron City of Dis
 34436 | Dis:7    | Found a gateway to Hell.
 34436 | Dis:7    | Found a gateway to Hell.
 34436 | Dis:7    | Found a gateway to Hell.
 34541 | Dis:7    | HP: 3/239 [reaper/vampiric scythe (34)]
 34675 | Dis:7    | Reached XP level 26. HP: 107/191 MP: 21/34
 34692 | Dis:7    | Gained mutation: Your body sometimes deteriorates upon taking damage. [a cacodemon]
 34693 | Dis:7    | Reached skill level 10 in Invocations
 34763 | Dis:7    | Noticed AAAAA's ghost (legendary BaFi)
 35091 | Dis:7    | Noticed Dispater
 35118 | Dis:7    | Killed Dispater
 35157 | Dis:7    | Got an iron rune of Zot
 35325 | Hell     | Found a gateway to the freezing wastes of Cocytus.
 35359 | Coc:1    | Entered Level 1 of Cocytus
 35359 | Coc:1    | Found a gateway to Hell.
 35410 | Coc:2    | Found a gateway to Hell.
 35577 | Coc:3    | Found a gateway to Hell.
 35631 | Coc:3    | Found a gateway to Hell.
 35636 | Coc:3    | Noticed a shard shrike
 35640 | Coc:3    | Killed a shard shrike
 35658 | Coc:3    | Reached XP level 27. HP: 128/198 MP: 33/34
 35968 | Coc:3    | Found a gateway to Hell.
 35990 | Coc:4    | Found a gateway to Hell.
 36088 | Coc:5    | Found a gateway to Hell.
 36265 | Coc:6    | Found a gateway to Hell.
 36321 | Coc:7    | Entered Level 7 of Cocytus
 36321 | Coc:7    | Found a gateway to Hell.
 36321 | Coc:7    | Found a gateway to Hell.
 36321 | Coc:7    | Found a gateway to Hell.
 36729 | Coc:7    | Noticed Antaeus
 36913 | Coc:7    | Gained mutation: You occasionally shout uncontrollably at your foes. [mutagenic glow]
 36925 | Coc:7    | Got an icy rune of Zot
 36935 | Coc:7    | Gained mutation: Your magical capacity is very low. (-20% MP) [mutagenic glow]
 36966 | Coc:7    | Gained mutation: You are occasionally teleported next to monsters. [mutagenic glow]
 36975 | Coc:7    | Lost mutation: Your magical capacity is very low. (-20% MP) [potion of mutation]
 36975 | Coc:7    | Lost mutation: You are weak. (Str -2) [potion of mutation]
 36975 | Coc:7    | Lost mutation: You have a pair of small horns on your head. [potion of mutation]
 36975 | Coc:7    | Lost mutation: Your body sometimes deteriorates upon taking damage. [potion of mutation]
 36975 | Coc:7    | Lost mutation: You are clumsy. (Dex -2) [potion of mutation]
 36975 | Coc:7    | Gained mutation: Scrolls take you a little longer to read. [potion of mutation]
 36975 | Coc:7    | Gained mutation: Your muscles are strong. (Str +2) [potion of mutation]
 36988 | Coc:7    | Lost mutation: Scrolls take you a little longer to read. [potion of mutation]
 36988 | Coc:7    | Lost mutation: Your magical capacity is low. (-10% MP) [potion of mutation]
 36988 | Coc:7    | Lost mutation: Your muscles are strong. (Str +2) [potion of mutation]
 36988 | Coc:7    | Lost mutation: You are occasionally teleported next to monsters. [potion of mutation]
 36988 | Coc:7    | Lost mutation: You occasionally shout uncontrollably at your foes. [potion of mutation]
 36988 | Coc:7    | Gained mutation: You have an increased reservoir of magic. (+10% MP) [potion of mutation]
 36988 | Coc:7    | Gained mutation: You are partially covered in rugged brown scales. (AC +1, +3% HP) [potion of mutation]
 37248 | Hell     | Found a gateway to the decaying netherworld of Tartarus.
 37266 | Tar:1    | Entered Level 1 of Tartarus
 37266 | Tar:1    | Found a gateway to Hell.
 37418 | D:15     | Gained mutation: You are partially covered in yellow scales. (AC +2) [mutagenic meat]
 37659 | Orc:2    | Bought a wand of digging (5/24) for 234 gold pieces
 38035 | Tar:2    | Found a gateway to Hell.
 38229 | Tar:3    | Found a gateway to Hell.
 38366 | Tar:3    | heavily contaminated ...
 38371 | Tar:4    | Found a gateway to Hell.
 38375 | Tar:4    | Gained mutation: You are frail. (-10% HP) [mutagenic glow]
 38400 | Tar:4    | Found a gateway to Hell.
 38405 | Tar:4    | Gained mutation: You are very frail. (-20% HP) [mutagenic glow]
 38442 | Tar:4    | Gained mutation: Scrolls take you a little longer to read. [mutagenic glow]
 38454 | Tar:5    | Found a gateway to Hell.
 38466 | Tar:6    | Found a gateway to Hell.
 38516 | Tar:6    | Found a gateway to Hell.
 38547 | Tar:7    | Entered Level 7 of Tartarus
 38547 | Tar:7    | Found a gateway to Hell.
 38547 | Tar:7    | Found a gateway to Hell.
 38547 | Tar:7    | Found a gateway to Hell.
 39175 | Tar:7    | Got a flickering golden amulet
 39178 | Tar:7    | Identified the amulet of Brilliance {+Rage +Inv rElec MP-9} (You found it on level 7 of Tartarus)
 39181 | Tar:7    | Identified the Disquisition on Stones and Combat Magic
 39185 | Tar:7    | Gained mutation: Armour fits poorly on your strangely shaped body. [mutagenic glow]
 39216 | Tar:7    | Lost mutation: You possess an exceptional clarity of mind. [mutagenic glow]
 39248 | Tar:7    | Gained mutation: Your body sometimes deteriorates upon taking damage. [mutagenic glow]
 39405 | Tar:7    | Lost mutation: Your body sometimes deteriorates upon taking damage. [potion of mutation]
 39405 | Tar:7    | Lost mutation: Scrolls take you a little longer to read. [potion of mutation]
 39405 | Tar:7    | Lost mutation: You are very frail. (-20% HP) [potion of mutation]
 39405 | Tar:7    | Gained mutation: Your muscles are strong. (Str +2) [potion of mutation]
 39406 | Tar:7    | Lost mutation: Armour fits poorly on your strangely shaped body. [potion of mutation]
 39406 | Tar:7    | Lost mutation: You are partially covered in yellow scales. (AC +2) [potion of mutation]
 39406 | Tar:7    | Lost mutation: You are partially covered in rugged brown scales. (AC +1, +3% HP) [potion of mutation]
 39406 | Tar:7    | Lost mutation: You are partially covered in molten scales. (AC +2) [potion of mutation]
 39406 | Tar:7    | Gained mutation: Your body sometimes deteriorates upon taking damage. [potion of mutation]
 39406 | Tar:7    | Gained mutation: You have a pair of small antennae on your head. [potion of mutation]
 39406 | Tar:7    | Gained mutation: You are partially covered in slimy green scales. (AC +2) [potion of mutation]
 39721 | Tar:7    | Noticed Ereshkigal
 39736 | Tar:7    | Gained mutation: Your spells are a little easier to cast, but a little less powerful. [a cacodemon]
 39739 | Tar:7    | Killed Ereshkigal
 39777 | Tar:7    | Got a bone rune of Zot
 40450 | Vaults:5 | Learned a level 5 spell: Summon Forest
 40933 | Depths:3 | Found a magical portal.
 40947 | WizLab   | Entered Iskenderun's Mystic Tower
 41203 | WizLab   | Identified Iskenderun's Grimoire of Confrontation
 41203 | WizLab   | Identified Iskenderun's Papyrus of Arcane Weapons
 41219 | WizLab   | Identified Nailotoe's Catalogue of Supportive Attacks
 41341 | Depths:3 | Gained mutation: You are clumsy. (Dex -2) [mutagenic meat]
 41357 | Depths:3 | Noticed Boris
 41370 | Depths:3 | Killed Boris
 41436 | Depths:3 | Noticed Saint Roka
 41459 | Depths:3 | Killed Saint Roka
 41519 | Depths:3 | Gained mutation: You have large cloven feet. [mutagenic meat]
 41522 | Depths:3 | Gained mutation: You tend to lose your temper in combat. [mutagenic meat]
 41585 | Depths:3 | Reached skill level 16 in Shields
 41589 | Depths:3 | Noticed Jorgrun
 41594 | Depths:3 | Killed Jorgrun
 41627 | Depths:3 | Lost mutation: Your body sometimes deteriorates upon taking damage. [mutagenic meat]
 41628 | Depths:3 | Lost mutation: Your muscles are strong. (Str +2) [mutagenic meat]
 41629 | Depths:3 | Gained mutation: You evolve. [mutagenic meat]
 41630 | Depths:3 | Lost mutation: You are clumsy. (Dex -2) [mutagenic meat]
 41823 | Depths:4 | Noticed an ancient lich
 41841 | Depths:4 | Killed an ancient lich
 41909 | Depths:4 | Gained mutation: You have a somewhat thin skeletal structure. (Dex +2, Stealth) [evolution]
 41943 | Depths:4 | Found Fitil's Food Boutique.
 41951 | Depths:4 | Bought a bread ration for 50 gold pieces
 41951 | Depths:4 | Bought a bread ration for 50 gold pieces
 41951 | Depths:4 | Bought a bread ration for 50 gold pieces
 41951 | Depths:4 | Bought a royal jelly for 20 gold pieces
 41951 | Depths:4 | Bought a royal jelly for 20 gold pieces
 41951 | Depths:4 | Bought 2 fruits for 30 gold pieces
 41951 | Depths:4 | Bought a meat ration for 50 gold pieces
 41951 | Depths:4 | Bought a meat ration for 50 gold pieces
 41951 | Depths:4 | Bought a meat ration for 50 gold pieces
 42033 | Depths:4 | Gained mutation: You are covered in fur. (AC +1) [mutagenic meat]
 42037 | Depths:4 | Lost mutation: You have large cloven feet. [mutagenic meat]
 42039 | Depths:4 | Lost mutation: You are frail. (-10% HP) [mutagenic meat]
 42150 | Depths:4 | Found a one-way gate to the infinite horrors of the Abyss.
 42157 | Depths:4 | Paralysed by a floating eye for 4 turns
 42177 | Depths:4 | Found a gateway to a ziggurat.
 42187 | Depths:4 | Voluntarily entered the Abyss.
 42720 | Abyss:3  | Reached skill level 17 in Shields
 42823 | Abyss:3  | Paralysed by accursed screaming for 1 turns
 42838 | Abyss:3  | Gained mutation: You are weak. (Str -2) [a neqoxec]
 42978 | Abyss:4  | Paralysed by accursed screaming for 1 turns
 43133 | Abyss:4  | Reached skill level 15 in Fighting
 43169 | Abyss:5  | Entered Level 5 of the Abyss
 43273 | Abyss:5  | Got an abyssal rune of Zot
 43313 | Abyss:5  | Lost mutation: Your spells are a little easier to cast, but a little less powerful. [mutagenic meat]
 43319 | Depths:4 | Escaped the Abyss
 43377 | Depths:4 | Lost mutation: You are resistant to hostile enchantments. (MR+) [mutagenic meat]
 43379 | Depths:4 | Gained mutation: You are partially covered in thin metallic scales. (AC +2) [mutagenic meat]
 43427 | Depths:5 | Entered Level 5 of the Depths
 43537 | Depths:5 | Gained mutation: Your flesh is cold resistant. (rC+) [mutagenic meat]
 43543 | Depths:5 | Gained mutation: You can translocate small distances at will. [mutagenic meat]
 43546 | Depths:5 | Gained mutation: You are agile. (Dex +2) [mutagenic meat]
 43554 | Depths:5 | Gained mutation: You are resistant to hostile enchantments. (MR+) [mutagenic meat]
 43606 | Depths:5 | Found a gate to the Realm of Zot.
 43635 | Zot:1    | Entered Level 1 of the Realm of Zot
 43639 | Zot:1    | Noticed an orb of fire
 43867 | Zot:2    | Reached skill level 18 in Shields
 44299 | Zot:4    | Lost mutation: You tend to lose your temper in combat. [evolution]
 44382 | Zot:5    | Entered Level 5 of the Realm of Zot
 44567 | Zot:5    | Noticed an ancient lich
 44572 | Zot:5    | Killed an ancient lich
 44585 | Zot:5    | Noticed an ancient lich
 44592 | Zot:5    | Killed an ancient lich
 44618 | Zot:5    | Reached skill level 19 in Shields
 44623 | Zot:5    | Noticed an ancient lich
 44637 | Zot:5    | Noticed an orb of fire
 44638 | Zot:5    | Killed an ancient lich
 44642 | Zot:5    | Killed an orb of fire
 44647 | Zot:5    | Noticed an ancient lich
 44651 | Zot:5    | Killed an ancient lich
 44668 | Zot:5    | Noticed an ancient lich
 44675 | Zot:5    | Killed an ancient lich
 44683 | Zot:5    | Reached skill level 1 in Throwing
 44722 | Zot:5    | Noticed an orb of fire
 44727 | Zot:5    | Killed an orb of fire
 44766 | Zot:5    | Reached skill level 5 in Throwing
 44815 | Zot:5    | Noticed an orb of fire
 44821 | Zot:5    | Killed an orb of fire
 44913 | Zot:4    | Reached skill level 10 in Maces & Flails
 45365 | Depths:3 | Gained mutation: Your system is resistant to poisons. (rPois) [mutagenic meat]
 45366 | Depths:3 | Lost mutation: You are partially covered in thin metallic scales. (AC +2) [mutagenic meat]
 45752 | Lair:2   | Lost mutation: You are resistant to hostile enchantments. (MR+) [evolution]
 45752 | Lair:2   | Lost mutation: You evolve. [end of evolution]
 46167 | Tomb:1   | Entered Level 1 of the Tomb of the Ancients
 46336 | Tomb:1   | Noticed a greater mummy
 46340 | Tomb:1   | Killed a greater mummy
 46409 | Tomb:1   | Noticed a greater mummy
 46417 | Tomb:1   | Killed a greater mummy
 46531 | Tomb:2   | Noticed Boris
 46534 | Tomb:2   | Noticed a greater mummy
 46536 | Tomb:2   | Noticed a greater mummy
 46538 | Tomb:2   | Noticed a greater mummy
 46538 | Tomb:2   | Noticed a greater mummy
 46564 | Tomb:2   | Killed a greater mummy
 46567 | Tomb:2   | Killed Boris
 46576 | Tomb:2   | Killed a greater mummy
 46586 | Tomb:2   | HP: 13/274 [death scarab[a greater mummy] (11)]
 46587 | Tomb:2   | Mangled by a greater mummy

Vault maps used:
D:1:      dpeg_arrival_round_a, minmay_misc_feat_five
D:3:      marbit_many_paths, first_bread
D:4:      grunt_ministairs_15
D:5:      uniq_eustachio, uniq_blork_the_orc, uniq_edmund
D:6:      minmay_crystal_water, minivault_14, minmay_misc_feat_room,
          kennysheep_boxes
D:7:      minmay_temple_entry_fiery, basic_altar, serial_shops, kennysheep_mini,
          serial_undead, serial_undead_a, serial_undead_f, serial_undead_b,
          serial_undead_d
D:10:     david_orc_3, serial_shops, nicolae_shop_trees
D:11:     evilmike_iron_armoury, grunt_lair_entry_orc_guard_hut, uniq_snorg
D:14:     hangedman_arrow_trap, grunt_vaults_entry_fortified,
          nicolae_trove_entry_diagonal, uniq_sonja
D:15:     grunt_enter_depths_magical_seal, special_room,
          nicolae_gozag_cash_rules_everything_around_me, minivault_28,
          uniq_louise, uniq_josephine
Temple:   roderic_octagonal_lattice_temple
Lair:1:   st_stairs_4, infiniplex_staircase_pool, grunt_megastairs_5,
          uniq_gastronok, uniq_grum
Lair:2:   swamp_mist, spider_nest_entry_webs, serial_bayou_pond_b, minivault_27,
          beast_lair_carwin_9, infiniplex_staircase_pool_2, lemuel_fruit_fields
Lair:3:   ice2_lemuel
Lair:4:   serial_forest, infiniplex_forest_corner_2,
          infiniplex_forest_lined_room_2, infiniplex_forest_3_way,
          infiniplex_forest_join, beast_lair_carwin_6, lemuel_fruit_tree,
          minmay_lair_oklob_chamber
Lair:5:   zaba_anthell
Lair:6:   minmay_lair_end_frog_pond, dpeg_slime_entry_enclosed_altar,
          uniq_nessos
Swamp:1:  nicolae_swamp_godswood, swamp_pool4
Swamp:2:  evilmike_swamp_ruin_house_1, hangedman_swamp_wriggling, uniq_roxanne
Swamp:3:  evilmike_swamp_ruin_house_5
Swamp:4:  swamp, swamp_pool5
Spider:1: hangedman_spider_tarantella_strand
Spider:2: spider_trap
Spider:4: grunt_spider_rune_parallel, guppyfry_spider_mini_2
Slime:1:  cheibrodos_slime_lost_civilization_7
Orc:1:    lightli_church_of_beogh, uniq_fannar
Orc:2:    kennysheep_orc_mage_school, serial_shops, nicolae_shop_behind_doors,
          portal_ice_cave_entry_ice_beasts, basic_altar, guppyfry_library_mini
Elf:1:    minmay_elf_arrival_summoners, minmay_elf_necromancy, st_stairs_8
Elf:3:    minmay_elf_hall_furrowed, serial_shops, shop
Vaults:1: hangedman_vaults_nails, v_misc_1, nicolae_vaults_network_quinsquares,
          nicolae_vaults_diagonal_hallway_6, vaults_dpeg_encased_lava,
          vaults_room_fours, nicolae_vaults_disjoint_gnomons,
          nicolae_vaults_puzzle_piece, nicolae_vaults_angled_halls,
          vaults_dpeg_doors, nicolae_vaults_specimen_jars, serial_shops,
          bzr_entry_customers
Vaults:2: nicolae_vaults_angled_halls, v_misc_1,
          nicolae_vaults_little_squares_1, st_more_cells,
          nicolae_vaults_shelves_hall, nicolae_vaults_three_branches,
          vaults_room_pools, serial_shops, shop, nicolae_shop_behind_doors,
          shop_fountains
Vaults:3: v_rooms_2, hangedman_vaults_impose, vaults_room_door_ring,
          ontoclasm_vaults_chip, v_misc_16, ontoclasm_vaults_eye,
          nicolae_vaults_ring_of_whatevers, vaults_room_grunt_arrival_ludios,
          grunt_vaults_hallway_short
Vaults:4: grunt_vaults_diagonal, v_misc_1, vaults_room_ringed_pool,
          dpeg_vaults_monster_row, nicolae_vaults_diagonal_hallway_9,
          v_pattern_2, grunt_vaults_hallway_long, v_misc_25,
          vaults_room_hallway, v_rooms_1, v_misc_2,
          nicolae_vaults_little_squares_5
Crypt:1:  lemuel_upstairs_altar, minivault_25, grunt_crypt_arrival_split,
          roderic_lattice_octagonal_star
Crypt:2:  minmay_misc_feat_pillars
Crypt:3:  evilmike_haunted_forest, uniq_bai_suzhen, uniq_jory, uniq_mara
Tomb:1:   uniq_sojobo
Tomb:2:   uniq_boris
Depths:1: rand_demon_pan_entry_8, hell_entry, spider_trap,
          kennysheep_treasure_room, minmay_shoptagon
Depths:2: kennysheep_spiral_hall, serial_shops, kennysheep_little_box,
          hangedman_geh_valley, kennysheep_nondescript
Depths:3: minmay_big_diamond_grid, pan_entry, infiniplex_enter_wizlab_glasses,
          hell_entry, serial_sigils_hangedman_gnaw, uniq_jorgrun, uniq_boris,
          uniq_saint_roka
Depths:4: minmay_tri_stars, enter_ziggurat_b, abyss_entry, hell_entry,
          minmay_misc_feat_tower, serial_shops, shop, kennysheep_potato
Depths:5: grunt_crosshair, abyss_entry_crystal, minmay_misc_feat_chi,
          grunt_hell_entry_dis_grunt, serial_sigils_hangedman_gut, st_stairs_8
Dis:7:    dis_hangedman
Coc:7:    coc_old
Tar:7:    tar_mu
Zot:2:    grunt_zot_stairs_faceoff, basic_stair_grate_trap
Zot:3:    lemuel_acid_trip
Zot:4:    kennysheep_ambush_hall, st_stairs_5
Zot:5:    st_stairs_14, bh_zot_lava_cross
Abyss:3:  serial_sigils_hangedman_snap
Abyss:4:  evilmike_abyss_rune_ettins, evilmike_abyss_exit_13
Abyss:5:  minivault_19, grunt_abyss_rune_forest_and_sorcery,
          evilmike_abyss_exit_vortex
Bazaar:   bazaar_minmay_generic_island
IceCv:    ice_cave_small_dragons
WizLab:   wizlab_iskenderun

Skill      XL: |  1  2  3  4  5  6  7  8  9 10 11 12 13 14 15 16 17 18 19 20 21 22 23 24 25 26 27 |
---------------+----------------------------------------------------------------------------------+-----
Long Blades    | 4 5 |  5.1
Polearms       | 2 4 5 7 8 9 10 11 12 14 | 14.6
Dodging        | 1 2 3 4 6 7 8 9 11 12 13 14 15 17 | 17.7
Shields        | 5 6 7 8 9 10 12 13 14 15 19 | 19.0
Armour         | 5 6 7 8 9 |  9.4
Fighting       | 5 6 7 8 10 11 12 16 | 16.2
Evocations     | 3 5 6 7 9 |  9.0
Stealth        | 2 5 6 |  6.8
Air Magic      | 2 5 6 8 |  8.8
Spellcasting   | 2 5 7 9 10 11 | 11.6
Conjurations   | 2 5 7 |  7.0
Translocations | 2 5 6 |  6.6
Poison Magic   | 2 6 7 |  7.6
Slings         | 2 8 |  8.0
Maces & Flails | 5 8 10 | 10.7
Transmutations | 5 9 10 11 | 11.0
Earth Magic    | 5 9 10 11 | 11.0
Necromancy     | 4 5 7 8 9 |  9.7
Charms         | 4 5 8 |  8.3
Invocations    | 6 9 10 | 10.3
Summonings     | 4 6 7 9 |  9.6
Unarmed Combat | 8 10 11 | 11.1
Throwing       | 9 |  9.2

Action                   |  1- 3 |  4- 6 |  7- 9 | 10-12 | 13-15 | 16-18 | 19-21 | 22-24 | 25-27 || total
-------------------------+-------+-------+-------+-------+-------+-------+-------+-------+-------++-------
Melee: Long sword        |    55 |       |       |       |       |       |       |       |       ||    55
       Bite              |     7 |    11 |    56 |    67 |   103 |   189 |   277 |   162 |   683 ||  1555
       Spear             |    43 |   130 |   454 |    20 |       |       |       |       |       ||   647
       Trident           |       |       |       |   545 |   229 |       |       |       |       ||   774
       Demon trident     |       |       |       |       |   652 |  1414 |  1260 |   942 |  3543 ||  7811
       Demon whip        |       |       |       |       |       |    15 |    97 |       |   133 ||   245
       Headbutt          |       |       |       |       |       |       |       |    57 |   418 ||   475
       Kick              |       |       |       |       |       |       |       |    11 |    15 ||    26
 Fire: Fustibalus        |       |       |       |       |     8 |     1 |       |       |       ||     9
 Cast: Apportation       |       |       |       |       |    99 |   223 |    14 |    16 |    34 ||   386
       Blink             |       |       |       |       |     1 |       |       |       |     1 ||     2
       Regeneration      |       |       |       |       |       |       |    72 |    57 |   195 ||   324
       Mephitic Cloud    |       |       |       |       |       |       |     8 |       |       ||     8
       Statue Form       |       |       |       |       |       |       |    41 |    38 |    79 ||   158
       Leda's Liquefacti |       |       |       |       |       |       |    10 |    15 |     3 ||    28
       Summon Lightning  |       |       |       |       |       |       |     5 |     6 |     1 ||    12
       Song of Slaying   |       |       |       |       |       |       |       |     8 |     7 ||    15
       Deflect Missiles  |       |       |       |       |       |       |       |     3 |     3 ||     6
       Aura of Abjuratio |       |       |       |       |       |       |       |     5 |    22 ||    27
       Control Undead    |       |       |       |       |       |       |       |     1 |     7 ||     8
Invok: Call Merchant     |       |       |       |     1 |     3 |     1 |       |       |       ||     5
       Potion Petition   |       |       |       |       |       |     1 |       |       |       ||     1
       Slouch            |       |       |       |       |       |       |     9 |    10 |    24 ||    43
       Temporal Distorti |       |       |       |       |       |       |     2 |       |     1 ||     3
 Abil: Evoke Berserk Rag |       |       |       |     3 |     3 |    14 |     1 |       |       ||    21
       End Transformatio |       |       |       |       |       |       |       |     2 |       ||     2
Evoke: Wand              |       |       |     4 |     1 |    16 |    28 |     1 |     4 |    11 ||    65
       Lamp of fire      |       |       |       |       |       |       |     1 |     1 |     1 ||     3
       Sack of spiders   |       |       |       |       |       |       |       |       |     3 ||     3
       Box of beasts     |       |       |       |       |       |       |       |       |     4 ||     4
       Phial of floods   |       |       |       |       |       |       |       |       |     1 ||     1
  Use: Potion            |       |     3 |     2 |     4 |    12 |     4 |    14 |     2 |    12 ||    53
       Scroll            |       |       |       |    19 |    19 |    17 |    27 |    11 |    19 ||   112
 Stab: Distracted        |       |       |     3 |    11 |    10 |    13 |     6 |     5 |    20 ||    68
       Paralysed         |       |       |     3 |       |       |       |       |       |     1 ||     4
       Sleeping          |       |       |     1 |     7 |     8 |    11 |     6 |     1 |    12 ||    46
       Confused          |       |       |       |       |     4 |     1 |     7 |       |       ||    12
       Invisible         |       |       |       |       |       |     2 |       |       |       ||     2
       Petrified         |       |       |       |       |       |       |     2 |       |       ||     2
       Petrifying        |       |       |       |       |       |       |     1 |       |       ||     1
  Eat: Chunk             |     2 |     4 |    11 |       |       |       |    31 |    65 |    79 ||   192
       Royal jelly       |       |       |     1 |     6 |     3 |    10 |     3 |     1 |     5 ||    29
       Meat ration       |       |       |       |     2 |     1 |       |     3 |     4 |       ||    10
       Bread ration      |       |       |       |       |     1 |     4 |     3 |       |     7 ||    15
Armor: Scale mail        |    38 |    24 |    73 |     3 |       |       |       |       |       ||   138
       Skin              |       |     2 |       |       |       |       |   341 |   438 |   473 ||  1254
       Ring mail         |       |       |       |    68 |   100 |   232 |     6 |       |       ||   406
       Robe              |       |       |       |       |       |       |    39 |       |       ||    39
       Chain mail        |       |       |       |       |       |       |       |    37 |   372 ||   409
Dodge: Dodged            |    28 |    20 |    91 |   106 |   212 |   574 |  1029 |  1423 |  2709 ||  6192
       Deflected         |       |       |       |       |       |       |       |    26 |     9 ||    35
Block: Shield            |    52 |    43 |   151 |   205 |   483 |  1055 |  1464 |  1622 |  4161 ||  9236
       Rpst.: Long sword |     5 |       |       |       |       |       |       |       |       ||     5
